 Dungeon Crawl Stone Soup version 0.27-a0-1219-g958d993ae5 (webtiles) character file.

Game seed: 11462416051604331169

60 deletemesenpai the Ducker (level 3, -1/36 HPs)
             Began as a Troll Fighter on June 6, 2021.
             Slain by a gnoll
             ... wielding a +3 whip
              (6 damage)
             ... on level 4 of the Dungeon.
             The game lasted 00:15:21 (1502 turns).

deletemesenpai the Ducker (Troll Fighter)           Turns: 1502, Time: 00:15:22

Health: -1/36      AC:  4    Str: 25    XL:     3   Next: 80%
Magic:  2/2        EV:  8    Int:  4    God:
Gold:   36         SH:  9    Dex:  9    Spells: 2/2 levels left

rFire    . . .     SeeInvis .   a - +0 war axe
rCold    . . .     Faith    .   c - +0 kite shield
rNeg     . . .     Spirit   .   b - +0 robe
rPois    .         Reflect  .   (helmet restricted)
rElec    .         Harm     .   (no cloak)
rCorr    .         Rampage  .   (gloves unavailable)
Will     .....                  (boots unavailable)
Stlth    +.........             (no amulet)
HPRegen  1.12/turn              (no ring)
MPRegen  0.08/turn              (no ring)

@: no status effects
A: large, unfitting armour, claws 3, regeneration 1, shaggy fur 1, tough skin 1
a: no special abilities


You were on level 4 of the Dungeon.
You visited 1 branch of the dungeon, and saw 5 of its levels.

You collected 120 gold pieces.
You spent 84 gold pieces at shops.

Inventory:

Hand Weapons
 a - a +0 war axe (weapon)
 j - a +0 long sword
 s - a +0 quarterstaff
 u - a +0 whip
 v - a +0 mace
 x - a +0 trident
 y - a +0 scythe
Missiles
 i - 2 datura-tipped darts (quivered)
 t - 22 bolts
 w - 36 stones
Armour
 b - a +0 robe (worn)
 c - a +0 kite shield (worn)
 e - a +0 kite shield
 f - a +0 leather armour
 l - a +0 leather armour
 o - a +0 scale mail
 q - a +0 plate armour
Jewellery
 g - a ring of magical power
 A - a ring of ice
Scrolls
 h - a scroll of identify
 k - a scroll of fear
 m - a scroll of noise
 z - a scroll of amnesia {unknown}
Potions
 d - a potion of might
 n - a potion of curing
 p - a potion of attraction
 r - a potion of invisibility


   Skills:
 + Level 2.9 Fighting
 + Level 2.2 Axes
 + Level 2.9 Dodging
 + Level 2.8 Shields


You had 2 spell levels left.
You didn't know any spells.
Your spell library contained the following spells:

 Spells                   Type           Power      Damage    Failure   Level
 Magic Dart               Conj           0%         1d3       91%         1
 Summon Small Mammal      Summ           0%         N/A       91%         1
 Call Imp                 Summ           0%         N/A       97%         2
 Poisonous Vapours        Pois/Air       0%         N/A       97%         2
 Searing Ray              Conj           0%         3d3       97%         2
 Call Canine Familiar     Summ           0%         N/A       100%        3
 Conjure Flame            Conj/Fire      0%         6-21      100%        3
 Dazzling Flash           Conj/Hex       0%         N/A       100%        3
 Mephitic Cloud           Conj/Pois/Air  0%         N/A       100%        3
 Summon Guardian Golem    Hex/Summ       0%         N/A       100%        3
 Fulminant Prism          Conj/Hex       0%         3d6       100%        4
 Iskenderun's Mystic Bla  Conj/Tloc      0%         2d3       100%        4
 Summon Ice Beast         Ice/Summ       0%         N/A       100%        4
 Summon Lightning Spire   Summ/Air       0%         N/A       100%        4
 Freezing Cloud           Conj/Ice/Air   0%         6-21      100%        6


Dungeon Overview and Level Annotations

Branches:
Dungeon (5/15)
 Temple: D:4-7

Altars:
Nemelex Xobeh
Xom

Shops:
D:4 =!?

Portals:
Abyss: D:4

Annotations:
D:4 BartGarfuncle's ghost, amateur GnWn
D:5 Sigmund


Innate Abilities, Weirdness & Mutations

You are too large for most types of armour.
You have claws for hands.
Your natural rate of healing is unusually fast.
You are covered in fur. (AC +1)
You have tough skin. (AC +1)


Message History

The ufetubus is severely wounded.
You block the ufetubus's attack. The ufetubus hits you.
You block the jackal's attack. The ufetubus completely misses you.
The ufetubus barely misses you. The gnoll barely misses you.
You barely miss the ufetubus.
The ufetubus is heavily wounded.
You slash the jackal!
You kill the jackal!
You block the ufetubus's attack. x2
A scorpion comes into view.
The ufetubus hits you. The ufetubus barely misses you.
The gnoll hits you from afar with a +0 halberd!
Sigmund the Dreaded comes into view.
He is wielding a +0 scythe and carrying a wand of flame (16).
You closely miss the ufetubus.
The ufetubus is heavily wounded.
The ufetubus hits you but does no damage.
The ufetubus barely misses you. The gnoll closely misses you.
The ufetubus hits you. x2; The gnoll misses you.
You block the ufetubus's attack. The ufetubus barely misses you.
Sigmund shouts!
There is a stone staircase leading up here.
You can't go down here!
The ufetubus hits you but does no damage.
You block the ufetubus's attack. The ufetubus completely misses you.
You block the ufetubus's attack. The gnoll hits you with a +3 whip.
The gnoll hits you from afar with a +0 halberd!
* * * LOW HITPOINT WARNING * * *
Sigmund whispers, "You'll know eternity soon."
You climb upwards.
Level annotation: BartGarfuncle's ghost, amateur GnWn
There is a stone staircase leading down here.
Press: ? - help, v - describe, . - travel
Here: a gnoll, wielding a +3 whip The floor.
You closely miss the ufetubus.
The ufetubus is heavily wounded.
You slash the gnoll!
The ufetubus hits you but does no damage. x2
The gnoll hits you with a +3 whip.
You die...

#.###..#.# ##.......##
###.# #.# #.##.#
##.....## #....
#.###.##.# ##...## #.###
#........#### ##'## #.
#####.###...## #.# # #
#.##.###.# #_# # #....#
#.###.#######.###
####.###g##...#.........
##..@##......# ####.#
##5####...#.# #.#
#.#####.##.######.#
#..................
#######.##.######.#
#≈≈≈.######.#
≈≈≈≈≈.......#
#...∩≈≈######## #.≈≈≈≈≈#


You could see a gnoll and an ufetubus.

Vanquished Creatures
  A worm (D:2)
  8 endoplasms
  A giant cockroach (D:2)
  7 goblins
  2 hobgoblins
  5 jackals
  5 kobolds
  5 quokkas
  3 ball pythons
  4 bats (D:3)
  2 frilled lizards (D:1)
  6 rats
49 creatures vanquished.

Notes
Turn   | Place    | Note
-------+----------+-------------------------------------------
     0 | D:1      | deletemesenpai the Troll Fighter began the quest for the
                  | Orb.
     0 | D:1      | Reached XP level 1. HP: 22/22 MP: 0/0
   358 | D:2      | Reached XP level 2. HP: 29/29 MP: 1/1
   762 | D:2      | Reached XP level 3. HP: 36/36 MP: 2/2
   909 | D:3      | Found a faded altar of an unknown god.
  1106 | D:4      | Found a one-way gate to the infinite horrors of the Abyss.
  1106 | D:4      | Noticed a toenail golem
  1106 | D:4      | Noticed BartGarfuncle's ghost (amateur GnWn)
  1135 | D:4      | Found a sparkling altar of Nemelex Xobeh.
  1185 | D:4      | Found Itzethrut's Magic Scroll Boutique.
  1191 | D:4      | Bought a scroll of identify for 28 gold pieces
  1191 | D:4      | Bought a scroll of identify for 28 gold pieces
  1191 | D:4      | Bought a scroll of identify for 28 gold pieces
  1219 | D:4      | Found Tauczaam's Distillery.
  1387 | D:4      | Found Qohagh's Jewellery Shop.
  1387 | D:4      | Found a shimmering altar of Xom.
  1490 | D:5      | Entered Level 5 of the Dungeon
  1497 | D:5      | Noticed a scorpion
  1497 | D:5      | Noticed Sigmund
  1500 | D:5      | HP: 1/36 [gnoll/+0 halberd (11)]
  1502 | D:4      | Slain by a gnoll

Illustrated notes

Levels and vault maps discovered:
D:1:      eino_arrival_cavern_b, layout_loops_cross, minmay_unequal
D:2:      layout_basic, hangedman_decor_peaks_small
D:3:      layout_loops_ring, hellmonk_ecumenical_altar_arch_garden,
          kennysheep_generic_room_6
D:4:      layout_loops_corners, overflow_temple_1_default,
          nemelex_spade_bored_becter, gammafunk_ghost_abyssal_escape,
          serial_shops, nicolae_shop_waterfront, nicolae_shop_crystal,
          kennysheep_mini, st_stairs_3, glass_columns_a
D:5:      kennysheep_windowed_halls, layout_cave_pools, ebering_ghost_sewer_f,
          serial_gnoll_camp, gnoll_camp_mini_hut, gnoll_camp_mini_hut,
          gnoll_camp_huts_basic, gnoll_camp_medium_01, minmay_tree_intersection,
          minmay_hedge_maze, minmay_misc_feat_ornament, uniq_sigmund, uniq_pikel

Skill      XL: |  1  2  3 |
---------------+----------+-----
Axes           | 2 |  2.2
Fighting       | |  2.9
Dodging        | |  2.9
Shields        | |  2.8

Action                   || total
-------------------------++-------
Melee: War axe           ||   128
  Use: Scroll            ||     5
Armor: Robe              ||    75
Dodge: Dodged            ||    74
Block: Kite shield       ||    73

Table legend: (Time is in decaauts)
 A = Elapsed time spent in this place.
 B = Non-inter-level travel time spent in this place.
 C = Inter-level travel time spent in this place.
 D = Time resting spent in this place.
 E = Time spent auto-exploring this place.
 F = Levels seen in this place.
 G = Mean time per level.
                   A        B        C        D        E       F      G
               +--------+--------+--------+--------+--------+-----+--------+
         Total |   1582 |   1581 |      1 |      0 |      0 |   5 |  316.4 |
       Dungeon |   1582 |   1581 |      1 |      0 |      0 |   5 |  316.4 |
               +--------+--------+--------+--------+--------+-----+--------+

Top non-repeatable levels by time:
     D:1: 438 daAuts
     D:4: 390 daAuts
     D:2: 390 daAuts
     D:3: 349 daAuts
     D:5: 14 daAuts
